 Dungeon Crawl Stone Soup version 0.30-a0-557-ge2afbf3030 (webtiles) character file.

Game seed: 1037244378285189582

1372 greasedhog the Trooper (level 8, 0/70 (75) HPs)
             Began as an Armataur Fighter on Dec 28, 2022.
             Succumbed to a wight's poison
             ... on level 6 of the Dungeon.
             The game lasted 00:06:06 (5205 turns).

greasedhog the Trooper (Armataur Fighter)           Turns: 5205, Time: 00:06:07

HP:   0/70 (75)     AC:  8    Str: 29    XL:     8   Next: 38%
MP:   8/8           EV:  7    Int:  8    God:
Gold: 157           SH:  5    Dex: 11    Spells: 7/7 levels left

rFire   . . .      SeeInvis .    x - +2 whip (vamp)
rCold   . . .      Faith    .    c - +0 buckler
rNeg    . . .      Spirit   .    b - +0 scale mail
rPois   .          Reflect  .    i - +0 helmet
rElec   .          Harm     .    (no cloak)
rCorr   .          Roll     +    (no gloves)
Will    +....                    (no barding) Stlth
                                 (no amulet)
HPRegen 0.31/turn                f - ring of willpower
MPRegen 0.11/turn                l - +6 ring of strength

@: mighty, lethally poisoned (0 -> -8), drained
A: large, rugged brown scales 3, deformed body, armoured tail, roll, long
tongue, awkward tongue
a: no special abilities


You were on level 6 of the Dungeon.
You visited 1 branch of the dungeon, and saw 6 of its levels.

You collected 157 gold pieces.

Inventory:

Hand Weapons
 x - a +2 vampiric whip (weapon)
Armour
 b - a +0 scale mail (worn)
 c - a +0 buckler (worn)
 i - a +0 helmet (worn)
Jewellery
 f - a ring of willpower (left hand)
 l - a +6 ring of strength (right hand)
 m - a ring of positive energy
Scrolls
 h - a scroll of enchant weapon
 n - 3 scrolls of fog {unknown}
 p - 5 scrolls of teleportation {unknown}
 r - 2 scrolls of brand weapon {unknown}
 t - a scroll of poison {unknown}
 v - a scroll of immolation {unknown}
Potions
 d - a potion of mutation
 g - a potion of haste {unknown}
 j - 2 potions of resistance {unknown}
 k - a potion of lignification {unknown}
 o - a potion of heal wounds {unknown}
 q - a potion of flight {unknown}
 s - a potion of degeneration {unknown}
 u - a potion of berserk rage {unknown}


   Skills:
 * Level 6.4 Fighting
 * Level 6.0 Maces & Flails
 - Level 5.2 Armour
 - Level 5.4 Shields


You had 7 spell levels left.
You didn't know any spells.
Your spell library contained the following spells:

 Spells                   Type           Power      Damage    Failure   Level
 Ensorcelled Hibernation  Hex/Ice        0%         N/A       85%         2
 Passwall                 Tmut/Erth      0%         N/A       85%         2
 Scorch                   Fire           0%         2d5       85%         2
 Gell's Gravitas          Tloc           0%         N/A       97%         3
 Swiftness                Air            0%         N/A       97%         3
 Teleport Other           Tloc           0%         N/A       97%         3
 Flame Wave               Conj/Fire      0%         2d4       100%        4
 Dispersal                Tloc           0%         N/A       100%        6
 Summon Cactus Giant      Summ           0%         N/A       100%        6


Dungeon Overview and Level Annotations

Branches:
Dungeon (6/15)
 Temple: D:4-7

Altars:
Elyvilon
Fedhas
Hepliaklqana
Ru
Vehumet
Wu Jian


Innate Abilities, Weirdness & Mutations

You are completely covered in rugged brown scales. (AC +3, +7% HP)
Armour fits poorly on your strangely shaped body.
You have a long armoured tail.
You roll when moving toward enemies. (Rampage)
Your long tongue fully drains potion bottles. (2x potion effects)
Your tongue gives you trouble enunciating. (1.5x scroll delay)


Message History

The wight attacks as you move away! The wight hits you with a +2 flail!
* * * LOW HITPOINT WARNING * * *
You feel sick.
Really quaff the potion of mutation?
Okay, then.
You slurp down every last drop of the potion of might!
You feel very mighty all of a sudden.
You feel sick. The wight barely misses you.
You slurp down every last drop of the 2 potions of curing!
You feel better.
The wight hits you from afar with a +2 spear of venom!
* * * LOW HITPOINT WARNING * * *
You are poisoned.
The wight hits you with a +2 flail.
* * * LOW HITPOINT WARNING * * *
You feel drained.
* * * LOW HITPOINT WARNING * * *
You slurp down every last drop of the potion of curing!
You feel better. You block the wight's attack.
You roll towards the wight!
You hit the wight.
The wight is heavily damaged.
The wight hits you with a +2 spear of venom.
* * * LOW HITPOINT WARNING * * *
You feel drained.
* * * LOW HITPOINT WARNING * * *
You are poisoned.
The wight hits you with a +2 flail.
* * * LOW HITPOINT WARNING * * *
You feel drained.
You barely miss the wight.
Your tail-slap misses the wight.
The wight is heavily damaged.
* * * LOW HITPOINT WARNING * * *
You feel very sick.
The wight hits you with a +2 spear of venom.
* * * LOW HITPOINT WARNING * * *
The wight hits you with a +2 flail.
* * * LOW HITPOINT WARNING * * *
You hit the wight.
Your tail-slap misses the wight.
The wight is severely damaged.
You die...

.. .### ...# #8..
..## ##... ...#
#.... #K. #$$K #)#
. ##########z# ..
#⌠......⌠#@####.##
#.._.._..#.z.....#
#⌠......⌠#...##..#
#........#...#
+########'...#
...........#
#####......#
#....#.# #......#


You could see a kobold brigand and 2 wights.

Vanquished Creatures
  Grinder (D:3)
  A black bear (D:4)
  An ogre (D:5)
  A phantom (D:5)
  3 necrophages (D:4)
  A scorpion (D:5)
  2 wights (D:6)
  A bullfrog zombie (D:4)
  A centaur zombie (D:4)
  A hound (D:5)
  A jelly (D:5)
  2 orc priests (D:6)
  A gnoll bouda (D:5)
  3 iguanas
  2 orc wizards (D:5)
  A hound zombie (D:4)
  Robin (D:2)
  3 adders
  4 gnolls
  A shadow imp (D:6)
  A white imp (D:5)
  An ufetubus (D:5)
  An adder zombie (D:4)
  3 worms
  A dart slug (D:1)
  16 orcs
  7 endoplasms
  4 giant cockroaches
  14 goblins
  10 hobgoblins
  4 jackals (D:4)
  9 kobolds
  4 quokkas
  9 ball pythons
  5 bats
  3 frilled lizards
  A quokka zombie (D:4)
  5 rats
130 creatures vanquished.

Vanquished Creatures (others)
  2 bushes (D:4)
  32 plants
34 creatures vanquished.

Grand Total: 164 creatures vanquished

Notes
Turn   | Place    | Note
-------+----------+-------------------------------------------
     0 | D:1      | greasedhog the Armataur Fighter began the quest for the
                  | Orb.
     0 | D:1      | Reached XP level 1. HP: 19/19 MP: 1/1
   123 | D:1      | Reached XP level 2. HP: 26/26 MP: 2/2
   803 | D:2      | Noticed Robin
   815 | D:1      | Reached XP level 3. HP: 30/33 MP: 3/3
  1060 | D:2      | Killed Robin
  1238 | D:2      | Reached XP level 4. HP: 38/40 MP: 4/4
  1320 | D:2      | Found the +8 Vampire's Tooth {vamp}
  1972 | D:3      | Noticed Grinder
  1983 | D:3      | Paralysed by Grinder for 2 turns
  1985 | D:3      | Killed Grinder
  1986 | D:3      | Reached skill level 5 in Armour
  1986 | D:3      | Reached XP level 5. HP: 48/49 MP: 5/5
  1986 | D:3      | Reached XP level 6. HP: 54/55 MP: 6/6
  2106 | D:3      | Found a radiant altar of Vehumet.
  2267 | D:3      | Found a faded altar of an unknown god.
  2565 | D:4      | Reached skill level 5 in Shields
  2739 | D:4      | You fall into a shaft and drop 1 floor!
  2739 | D:5      | Entered Level 5 of the Dungeon
  2927 | D:4      | Found a white marble altar of Elyvilon.
  3030 | D:4      | Found an ornate altar of the Wu Jian Council.
  3409 | D:4      | Found a blossoming altar of Fedhas.
  3567 | D:4      | Reached XP level 7. HP: 47/64 MP: 7/7
  3750 | D:5      | Reached skill level 5 in Fighting
  3924 | D:5      | Reached skill level 5 in Maces & Flails
  4331 | D:5      | Reached XP level 8. HP: 67/74 MP: 8/8
  5047 | D:6      | Found a sacrificial altar of Ru.
  5047 | D:6      | Found a hazy altar of Hepliaklqana.
  5204 | D:6      | HP: 2/70 [wight/+2 flail (6)]
  5205 | D:6      | Succumbed to a wight's poison

Illustrated notes

Levels and vault maps discovered:
D:1:      dpeg_arrival_morbid_curiosity, layout_basic
D:2:      layout_basic, uniq_robin
D:3:      layout_loops_cross, nicolae_vehumet_altar_sigil,
          shapermc_ecumenical_altar_mp_ritualfount, uniq_grinder
D:4:      layout_basic, elyvilon_altar_3, fedhas_altar_decomposition,
          mainiacjoe_overflow_tiny_flanked, hangedman_abyss_or_decor_stabs,
          hangedman_decor_diamond_cutter
D:5:      layout_gridville, serial_glass, glass_columns_c, glass_columns_b,
          item_on_display_a, feat_on_display, nicolae_grassy_gnolls
D:6:      layout_loops_cross, makhleb_blood_cavern_becter, jmf_multi_god_temple

Skill      XL: |  1  2  3  4  5  6  7  8 |
---------------+-------------------------+-----
Maces & Flails | 2 3 4 5 6 |  6.0
Armour         | 4 5 |  5.2
Fighting       | 3 4 5 6 |  6.4
Shields        | 4 5 |  5.4

Action                   |  1- 3 |  4- 6 |  7- 9 || total
-------------------------+-------+-------+-------++-------
Melee: Flail             |   109 |   149 |   165 ||   423
       Tailslap          |     5 |    22 |    29 ||    56
       Whip              |       |       |    18 ||    18
  Use: Potion            |       |     1 |     4 ||     5
       Scroll            |       |     4 |       ||     4
Armor: Scale mail        |    86 |    65 |    81 ||   232
Dodge: Dodged            |    59 |    41 |    60 ||   160
Block: Buckler           |    47 |    30 |    44 ||   121

Table legend: (Time is in decaauts)
 A = Elapsed time spent in this place.
 B = Non-inter-level travel time spent in this place.
 C = Inter-level travel time spent in this place.
 D = Time resting spent in this place.
 E = Time spent auto-exploring this place.
 F = Levels seen in this place.
 G = Mean time per level.
                   A        B        C        D        E       F      G
               +--------+--------+--------+--------+--------+-----+--------+
         Total |   5311 |   5183 |    128 |    789 |   3409 |   6 |  885.2 |
       Dungeon |   5311 |   5183 |    128 |    789 |   3409 |   6 |  885.2 |
               +--------+--------+--------+--------+--------+-----+--------+

Top non-repeatable levels by time:
     D:4: 1210 daAuts
     D:5: 1196 daAuts
     D:1: 1050 daAuts
     D:2: 900 daAuts
     D:3: 635 daAuts
     D:6: 319 daAuts
